 Dungeon Crawl Stone Soup version 0.19.1 (webtiles) character file.

10433 markt42 the Severer (level 11, -13/95 HPs)
             Began as a Minotaur Fighter on Dec 16, 2016.
             Was an Elder of Okawaru.
             Mangled by XO4YCPATb's ghost (22 damage)
             ... on level 10 of the Dungeon.
             The game lasted 00:16:03 (11151 turns).

markt42 the Severer (Minotaur Fighter)             Turns: 11151, Time: 00:16:03

Health: -13/95     AC: 14    Str: 23    XL:     11   Next: 36%
Magic:  10/10      EV: 11    Int:  5    God:    Okawaru [****..]
Gold:   725        SH:  7    Dex: 11    Spells: 0 memorised, 10 levels left

rFire  + + .     SeeInvis .     a - +1 war axe
rCold  x . .     Gourm    .     g - +0 fire dragon scales
rNeg   . . .     Faith    .     m - +2 buckler {reflect}
rPois  .         Spirit   .     (helmet restricted)
rElec  .         Reflect  +     r - +0 cloak
rCorr  +         Harm     .     l - +0 pair of gloves
MR     .....                    (no boots)
Stlth  ..........               o - amulet of regeneration
                                (no ring)
                                F - ring of resist corrosion

@: lethally poisoned (-13 -> -75), slowed, very slow
A: retaliatory headbutt, horns 2
a: Heroism, Renounce Religion


You were on level 10 of the Dungeon.
You worshipped Okawaru.
Okawaru was greatly pleased with you.
You were not hungry.

You visited 2 branches of the dungeon, and saw 13 of its levels.
You also visited: Sewer.

You collected 725 gold pieces.

Inventory:

Hand Weapons
 a - a +1 war axe (weapon)
Armour
 g - +0 fire dragon scales (worn)
 l - a +0 pair of gloves (worn)
 m - a +2 buckler of reflection (worn)
 r - a +0 cloak (worn)
Jewellery
 o - an amulet of regeneration (around neck)
 F - a ring of resist corrosion (left hand)
Wands
 b - a wand of polymorph (10/24)
 h - a wand of slowing (14/48)
 q - a wand of hasting (0/9)
 B - a wand of flame (16/48)
 C - a wand of paralysis (10/24)
 E - a wand of polymorph (9/24)
Scrolls
 e - a scroll of fear
 j - 4 scrolls of remove curse
 k - 2 scrolls of blinking
 p - a scroll of enchant weapon
 v - a scroll of amnesia
 w - 6 scrolls of identify
 x - 3 scrolls of teleportation
 y - a scroll of recharging
 z - 2 scrolls of magic mapping
 G - a scroll of acquirement {unknown}
 I - a scroll of enchant armour
Potions
 c - 2 potions of agility
 d - a potion of cure mutation {unknown}
 t - 2 potions of invisibility
 u - 2 potions of brilliance
 D - 2 potions of curing {unknown}
Comestibles
 f - 15 bread rations
 i - 8 meat rations
 n - 3 royal jellies
 s - a slice of pizza
 A - 3 beef jerkies


   Skills:
 + Level 8.3 Fighting
 * Level 16.1 Axes
 + Level 9.4 Armour
 + Level 4.2 Dodging
 + Level 5.6 Shields


You had 10 spell levels left.
You didn't know any spells.

Dungeon Overview and Level Annotations

Branches:
Dungeon (12/15)            Temple (1/1) D:4
   Lair: D:8-11         Orc: D:9-12

Altars:
Ashenzari
Cheibriados
Dithmenos
Elyvilon
Fedhas
Gozag
Hepliaklqana
Kikubaaqudgha
Makhleb
Nemelex Xobeh
Okawaru
Qazlal
Ru
Sif Muna
Trog
Uskayaw
Vehumet
Xom
Yredelemnul
Zin
The Shining One

Shops:
D:9 !

Annotations:
D:10 XO4YCPATb's ghost, journeyman VSBe


Innate Abilities, Weirdness & Mutations

You reflexively headbutt those who attack you in melee.
You have a pair of horns on your head.


Message History

The orc wizard hits you but does no damage.
You miss the orc wizard.
The orc wizard is almost dead.
You hit XO4YCPATb's ghost but do no damage.
* * * LOW HITPOINT WARNING * * *
You feel very sick.
XO4YCPATb's ghost hits you but does no damage.
You are more poisoned.
The orc wizard barely misses you.
* * * LOW HITPOINT WARNING * * *
You feel extremely sick. XO4YCPATb's ghost hits you!
* * * LOW HITPOINT WARNING * * *
You are more poisoned.
The orc wizard closely misses you. You furiously retaliate!
You headbutt the orc wizard!
You kill the orc wizard!
Okawaru accepts your kill. XO4YCPATb's ghost hits you!!
You die...

..... ...... ##.....##
##.......# #.........
##......... ##.>........
. ##...W)...... ..
########..#.@..<.... #.#
#........##........#
#..##.####..............
#.†..# #..####.........
####..# #.## #.........
#.....###.# #.........
..#.......# .|........
....#####..# .#.......#
.#### #. . . #.....#


You could see XO4YCPATb's ghost.

Vanquished Creatures
  Erica (D:8)
  A hill giant (D:9)
  A cyclops (D:12)
  An ugly thing (D:12)
  3 trolls
  The ghost of Philosophy the Shield-Bearer, an amateur FoFi of Okawaru (D:4)
  5 slime creatures (D:12)
  Grinder (D:6)
  Sigmund (D:6)
  A spriggan (D:9)
  A wraith (D:12)
  5 yaks (D:12)
  A warg (D:11)
  A mottled dragon (D:12)
  A water moccasin (D:9)
  4 sky beasts
  2 ice beasts
  3 orc warriors
  3 black bears
  3 phantoms
  A necrophage (D:8)
  An eye of draining (D:8)
  7 ogres
  3 centaurs
  A crocodile (Sewer)
  A big kobold (D:8)
  8 bullfrogs
  3 scorpions
  3 killer bees (D:10)
  6 wights
  2 bullfrog zombies
  6 crimson imps
  Crazy Yiuf (D:6)
  2 bullfrog skeletons
  5 jellies
  7 hounds
  4 orc priests
  10 orc wizards
  A centaur skeleton (D:9)
  2 iguanas (D:9)
  Terence (D:3)
  4 worker ants
  A hound skeleton (D:4)
  2 hound zombies
  9 adders
  3 shadow imps
  An ooze (D:1)
  2 adder skeletons
  A worm (D:2)
  3 leopard geckos
  53 orcs
  4 ball pythons
  5 giant cockroaches
  10 goblins
  6 hobgoblins
  14 jackals
  15 kobolds
  7 quokkas
  5 bats
  5 frilled lizards
  A jackal skeleton (D:8)
  A quokka skeleton (D:5)
  8 rats
275 creatures vanquished.

Notes
Turn   | Place    | Note
-------+----------+-------------------------------------------
     0 | D:1      | markt42 the Minotaur Fighter began the quest for the Orb.
     0 | D:1      | Reached XP level 1. HP: 19/19 MP: 0/0
   247 | D:1      | Reached XP level 2. HP: 24/27 MP: 1/1
   372 | D:1      | Reached skill level 3 in Axes
   975 | D:2      | Found a blossoming altar of Fedhas.
  1084 | D:2      | Reached XP level 3. HP: 33/33 MP: 2/2
  1117 | D:2      | Found an opulent altar of Gozag.
  1438 | D:2      | Found a shimmering altar of Xom.
  1650 | D:3      | Reached skill level 4 in Axes
  1665 | D:3      | Found a sacrificial altar of Ru.
  1711 | D:3      | Reached XP level 4. HP: 40/40 MP: 3/3
  1766 | D:3      | Found a glowing drain.
  1784 | Sewer    | Entered a sewer
  1892 | Sewer    | Noticed a crocodile
  1898 | Sewer    | Killed a crocodile
  1898 | Sewer    | Reached skill level 5 in Axes
  1898 | Sewer    | Reached XP level 5. HP: 34/46 MP: 4/4
  2147 | D:3      | Noticed Terence
  2155 | D:3      | Killed Terence
  2456 | D:4      | Reached skill level 6 in Axes
  2468 | D:4      | Reached skill level 1 in Dodging
  2475 | D:4      | Reached XP level 6. HP: 47/52 MP: 5/5
  2558 | D:4      | Reached skill level 7 in Axes
  2840 | D:4      | Reached skill level 5 in Armour
  2840 | D:4      | Reached XP level 7. HP: 39/60 MP: 6/6
  2957 | D:4      | Reached skill level 8 in Axes
  3049 | D:4      | Found a staircase to the Ecumenical Temple.
  3081 | Temple   | Entered the Ecumenical Temple
  3242 | D:4      | Noticed Philosophy's ghost (amateur FoFi)
  3250 | D:4      | Killed Philosophy's ghost
  3250 | D:4      | Reached skill level 5 in Fighting
  3418 | D:4      | Reached skill level 9 in Axes
  3848 | D:5      | Entered Level 5 of the Dungeon
  3855 | D:5      | Reached XP level 8. HP: 68/68 MP: 7/7
  4498 | D:6      | Reached skill level 10 in Axes
  4680 | D:6      | Noticed Sigmund
  4693 | D:6      | Killed Sigmund
  4837 | D:6      | Reached skill level 11 in Axes
  5082 | D:6      | Noticed Grinder
  5082 | D:6      | Paralysed by Grinder for 5 turns
  5101 | D:6      | Paralysed by Grinder for 2 turns
  5104 | D:6      | Killed Grinder
  5104 | D:6      | Reached XP level 9. HP: 45/75 MP: 8/8
  5499 | D:6      | Found a runed door.
  6056 | D:6      | Reached skill level 12 in Axes
  6076 | D:6      | Noticed Crazy Yiuf
  6084 | D:6      | Killed Crazy Yiuf
  6635 | D:7      | Found an iron altar of Okawaru.
  6640 | D:7      | Became a worshipper of Warmaster Okawaru
  7045 | D:8      | Reached skill level 13 in Axes
  7093 | D:8      | Reached skill level 5 in Shields
  7134 | D:8      | Noticed Erica
  7144 | D:8      | Killed Erica
  7144 | D:8      | Reached * piety under Okawaru
  7144 | D:8      | Reached XP level 10. HP: 63/83 MP: 5/9
  7800 | D:8      | Found a bloodstained altar of Trog.
  8205 | D:8      | Reached skill level 14 in Axes
  8440 | D:8      | Reached ** piety under Okawaru
  8799 | D:9      | Found Haaj's Distillery.
  8835 | D:9      | Noticed a hill giant
  8842 | D:9      | HP: 1/86 [orc warrior/halberd (19)]
  9439 | D:9      | Found an ancient bone altar of Kikubaaqudgha.
  9458 | D:9      | Killed a hill giant
  9458 | D:9      | Reached *** piety under Okawaru
  9474 | D:9      | Reached skill level 15 in Axes
  9623 | D:9      | You fall through a shaft for 3 floors!
 10135 | D:12     | Reached **** piety under Okawaru
 10135 | D:12     | Reached XP level 11. HP: 92/94 MP: 10/10
 10190 | D:12     | Noticed a seven-headed hydra
 10369 | D:12     | Noticed a green ugly thing
 10381 | D:12     | Killed a green ugly thing
 10971 | D:11     | Reached skill level 16 in Axes
 10979 | D:10     | Entered Level 10 of the Dungeon
 11084 | D:10     | Noticed XO4YCPATb's ghost (journeyman VSBe)
 11151 | D:10     | Mangled by XO4YCPATb's ghost

Skill      XL: |  1  2  3  4  5  6  7  8  9 10 11 |
---------------+----------------------------------+-----
Axes           | 3 4 5 6 7 9 11 13 15 16 | 16.1
Armour         | 4 5 6 7 8 9 |  9.4
Fighting       | 4 5 6 7 8 |  8.3
Shields        | 4 5 |  5.6
Dodging        | 1 2 3 4 |  4.2

Action                   |  1- 3 |  4- 6 |  7- 9 | 10-12 || total
-------------------------+-------+-------+-------+-------++-------
Melee: War axe           |    99 |    99 |   258 |   347 ||   803
       Headbutt          |    11 |    15 |    58 |    80 ||   164
Evoke: Wand              |       |       |       |     3 ||     3
  Use: Scroll            |     2 |     5 |     5 |     4 ||    16
       Potion            |       |     1 |    13 |     5 ||    19
  Eat: Chunk             |     2 |     1 |    11 |    15 ||    29
       Meat ration       |       |     1 |       |       ||     1
Armor: Scale mail        |     8 |       |       |       ||     8
       Fire dragon scale |    30 |    51 |   102 |   103 ||   286
Dodge: Dodged            |    23 |    43 |    79 |   130 ||   275
Block: Shield            |    52 |       |       |       ||    52
       Buckler           |       |    13 |    57 |    85 ||   155
       Reflection        |       |       |     2 |     3 ||     5
